 Dungeon Crawl Stone Soup version 0.31-a0-185-g9dded2c639 (webtiles) character file.

Game seed: 8345007611546678845

90 qw the Shooter (level 4, -3/25 HPs)
             Began as a Deep Elf Hunter on June 22, 2023.
             Slain by Terence
             ... wielding a +0 flail
              (6 damage)
             ... on level 3 of the Dungeon.
             The game lasted 00:00:43 (1860 turns).

qw the Shooter (Deep Elf Hunter)                    Turns: 1860, Time: 00:00:43

Health: -3/25      AC:  6    Str: 10    XL:     4   Next: 32%
Magic:  6/6        EV:  9    Int: 14    God:
Gold:   186        SH:  5    Dex: 18    Spells: 3/3 levels left

rFire   . . .        Y - +1 shortbow
rCold   . . .        (shield currently unavailable)
rNeg    . . .        h - +0 scale mail
rPois   .            (no helmet)
rElec   .            (no cloak)
rCorr   .            (no gloves)
SInv    .            (no boots)
Will    .....        f - amulet of reflection
Stlth   +            (no ring)
HPRegen 0.24/turn    (no ring)
MPRegen 0.10/turn

%: reflection
@: no status effects
A: no striking features
a: no special abilities


You were on level 3 of the Dungeon.
You visited 1 branch of the dungeon, and saw 3 of its levels.

You collected 186 gold pieces.


   Skills:
 - Level 1.5 Fighting
 + Level 7.7 Ranged Weapons
 - Level 2.4 Dodging
 - Level 1.2 Stealth


You had 3 spell levels left.
You didn't know any spells.
Your spell library was empty.

Inventory:

Hand Weapons
 Y - a +1 shortbow (weapon)
Armour
 h - a +0 scale mail (worn)
Jewellery
 b - a ring of fire
 f - an amulet of reflection (around neck)
Scrolls
 a - 2 scrolls of immolation {unknown}
 c - a scroll of identify
 d - a scroll of fear {unknown}
Potions
 e - a potion of heal wounds {unknown}
 g - a potion of curing {unknown}
 i - a potion of degeneration {unknown}

Dungeon Overview and Level Annotations

Branches:
Dungeon (3/15)

Altars:

Shops:
D:2 =

Annotations:
D:3 Terence


Message History

Terence is moderately wounded.
You shoot an arrow.
The arrow hits Terence but does no damage.
Terence is moderately wounded.
You shoot an arrow. The arrow closely misses Terence.
You shoot an arrow. The arrow barely misses Terence.
Terence barely misses you.
You shoot an arrow. The arrow hits Terence.
Terence is heavily wounded.
You block Terence's attack. Terence hits you with a +0 flail.
You shoot an arrow. The arrow barely misses Terence.
Terence barely misses you.
You shoot an arrow. The arrow hits Terence!
Terence is severely wounded.
Terence hits you with a +0 flail.
You shoot an arrow. The arrow hits Terence.
Terence is almost dead.
Terence hits you with a +0 flail. Terence hits you but does no damage.
You shoot an arrow. The arrow barely misses Terence.
Terence barely misses you.
You shoot an arrow. The arrow closely misses Terence.
Terence closely misses you.
You shoot an arrow.
The arrow hits Terence but does no damage.
Terence is severely wounded.
Terence hits you with a +0 flail. x2
You shoot an arrow.
The arrow hits Terence but does no damage.
Terence is severely wounded.
Terence closely misses you.
You shoot an arrow. The arrow barely misses Terence.
You block Terence's attack.
You shoot an arrow. The arrow hits Terence.
Terence is almost dead.
Terence hits you but does no damage. Terence barely misses you.
You shoot an arrow. The arrow closely misses Terence.
Terence hits you with a +0 flail!
You shoot an arrow. The arrow barely misses Terence.
Terence hits you with a +0 flail.
You die...

#.?. #### #### # ... #.
.. # #.##.
#.###########.##.#
####....
#................!
........
######....@@......
........ ####.####.#.##$#
#..####. #.......#.# . ..
#. #.##.#.##.# ....#.#.
#.##.#.##.# #.......
#.##.#.##.# .#...##.
#.##.#.##.# ..#..##.
#.##'#.##.####### .. ....
#......##.#.....#....#..#


You could see Terence.

Vanquished Creatures
  A gnoll (D:1)
  3 adders
  A worm (D:2)
  A dart slug (D:1)
  6 bats
  4 endoplasms
  3 giant cockroaches (D:1)
  3 hobgoblins (D:1)
  3 jackals (D:1)
  5 kobolds
  3 quokkas
  4 frilled lizards
  5 goblins
  4 rats
46 creatures vanquished.

Notes
Turn   | Place    | Note
-------+----------+-------------------------------------------
     0 | D:1      | qw the Deep Elf Hunter began the quest for the Orb.
     0 | D:1      | Reached XP level 1. HP: 12/12 MP: 3/3
     0 | D:1      | 0 ||| qw: Version: 0.3-a-9-g12657ce
     0 | D:1      | 0 ||| qw: Game counter: 1766
     0 | D:1      | 0 ||| qw: Always use a shield: true
     0 | D:1      | 0 ||| qw: God list: Okawaru
     0 | D:1      | 0 ||| qw: Allow faded altars: false
     0 | D:1      | 0 ||| qw: Do Orc after D:15 true
     0 | D:1      | 0 ||| qw: Do second Lair branch before Depths: true
     0 | D:1      | 0 ||| qw: Lair rune preference: random
     0 | D:1      | 0 ||| qw: Plans: Normal
     0 | D:1      | 0 ||| PLANNING D:1-11
   127 | D:1      | Reached XP level 2. HP: 16/16 MP: 4/4
   130 | D:1      | Reached skill level 6 in Ranged Weapons
   169 | D:1      | 169 ||| FLEEEEING.
   170 | D:1      | 170 ||| FLEEEEING.
   171 | D:1      | 171 ||| FLEEEEING.
   172 | D:1      | 172 ||| FLEEEEING.
   173 | D:1      | 173 ||| FLEEEEING.
   174 | D:1      | 174 ||| FLEEEEING.
   175 | D:1      | 175 ||| FLEEEEING.
   176 | D:1      | 176 ||| FLEEEEING.
   177 | D:1      | 177 ||| FLEEEEING.
   178 | D:1      | 178 ||| FLEEEEING.
   179 | D:1      | 179 ||| FLEEEEING.
   180 | D:1      | 180 ||| FLEEEEING.
   181 | D:1      | 181 ||| FLEEEEING.
   277 | D:1      | Reached XP level 3. HP: 20/20 MP: 5/5
   603 | D:1      | Reached skill level 7 in Ranged Weapons
   641 | D:1      | 641 ||| UPGRADING to +0 scale mail.
   651 | D:1      | 651 ||| DROPPING +0 leather armour.
   706 | D:1      | 706 ||| READING scroll labelled CIJUZAB QISOPT.
   707 | D:1      | 707 ||| READING scroll labelled CURUR MOUKUYW.
   714 | D:1      | 714 ||| READING scroll labelled MIMEONL BAPSI.
   737 | D:1      | 737 ||| READING scroll labelled YNESYINWAN.
   738 | D:1      | 738 ||| DROPPING scroll of butterflies.
   896 | D:2      | Found Ciekhokk's Jewellery Emporium.
   902 | D:2      | 902 ||| SHOPLISTING ring of poison resistance (260 gold,
                  | have 109).
   902 | D:2      | 902 ||| SHOPLISTING ring of positive energy (260 gold, have
                  | 109).
   902 | D:2      | 902 ||| SHOPLISTING ring of protection from fire (325 gold,
                  | have 109).
  1457 | D:2      | 1457 ||| UPGRADING to amulet of reflection.
  1462 | D:2      | 1462 ||| READING scroll labelled WUDE JIXAONOK.
  1463 | D:2      | 1463 ||| READING scroll labelled KEMIMY AKOAT.
  1464 | D:2      | 1464 ||| DRINKING 4 sapphire potions.
  1500 | D:2      | 1500 ||| DRINKING 2 clear potions.
  1501 | D:2      | 1501 ||| DROPPING 3 potions of lignification.
  1502 | D:2      | 1502 ||| DROPPING potion of brilliance.
  1552 | D:3      | Reached XP level 4. HP: 24/25 MP: 6/6
  1686 | D:3      | HP: 5/25 [quokka (4)]
  1687 | D:3      | HP: 1/25 [quokka (3)]
  1843 | D:3      | Noticed Terence
  1859 | D:3      | HP: 3/25 [Terence/+0 flail (8)]
  1860 | D:3      | Slain by Terence

Levels and vault maps discovered:
D:1:      dpeg_arrival_lava_altar, layout_rooms, kennysheep_small_spiral,
          grunt_decor_arrowhead
D:2:      layout_loops_ring, serial_shops, shop
D:3:      layout_basic, gammafunk_temple_overflow_statue, st_stairs_1,
          minivault_26, nicolae_elevator_lobby_plus, uniq_terence, uniq_ijyb

Skill      XL: |  1  2  3 |
---------------+----------+-----
Ranged Weapons | 6 7 |  7.7
Fighting       | |  1.5
Dodging        | |  2.4
Stealth        | |  1.2

Action                     |  1- 3 |  4- 6 || total
---------------------------+-------+-------++-------
   Fire: Shortbow          |   113 |    45 ||   158
    Use: Scroll            |     6 |       ||     6
         Potion            |     2 |       ||     2
 Armour: Leather armour    |    12 |       ||    12
         Scale mail        |     1 |    10 ||    11
  Dodge: Dodged            |    33 |    16 ||    49
  Block: Other             |       |     5 ||     5

Table legend:
 A = Non-vault XP
 B = Vault XP
 C = Vault XP percentage of total XP
 D = Non-vault monster count
 E = Vault monster count
 F = Vault count percentage of total count
                 A         B        C        D         E       F
            +---------+---------+-------+---------+---------+-------
      Total |     129 |       0 |   0.0 |      46 |       0 |   0.0
            +---------+---------+-------+---------+---------+-------
        D:1 |      65 |       0 |   0.0 |      30 |       0 |   0.0
        D:2 |      30 |       0 |   0.0 |       9 |       0 |   0.0
        D:3 |      34 |       0 |   0.0 |       7 |       0 |   0.0
            +---------+---------+-------+---------+---------+-------
